 Dungeon Crawl Stone Soup version 0.25.1-9-gc5326a611f (webtiles) character file.

Game seed: 5150053277513490041

15 Goreval the Magician (level 2, -1/17 HPs)
             Began as an Octopode Wizard on Jan 1, 2021.
             Slain by a jackal (2 damage)
             ... on level 1 of the Dungeon.
             The game lasted 00:01:16 (625 turns).

Goreval the Magician (Octopode Wizard)               Turns: 625, Time: 00:01:17

Health: -1/17      AC:  1    Str:  6    XL:     2   Next: 50%
Magic:  0/6        EV: 13    Int: 20    God:
Gold:   28         SH:  0    Dex: 10    Spells: 2/7 levels left

rFire    . . .     SeeInvis .   (no weapon)
rCold    . . .     Gourm    .   (no shield)
rNeg     . . .     Faith    .   a - +0 hat
rPois    .         Spirit   .   (no amulet)
rElec    .         Reflect  .   (no ring)
rCorr    .         Harm     .   (no ring)
MR       .....                  (no ring)
Stlth    +++.......             (no ring)
HPRegen  0.05/turn              (no ring)
MPRegen  0.10/turn              (no ring)
                                (no ring)
                                (no ring)

@: very slightly contaminated
A: almost no armour, stealthy swim, amphibious, 8 rings, constrict 8, camouflage
1, gelatinous body 1
a: no special abilities


You were on level 1 of the Dungeon.
You were not hungry.

You visited 1 branch of the dungeon, and saw 1 of its levels.

You collected 28 gold pieces.

Inventory:

Armour
 a - a +0 hat (worn)
Scrolls
 b - a scroll of teleportation {unknown}
Comestibles
 c - 2 rations


   Skills:
 + Level 2.2 Dodging
 + Level 3.1 Stealth
 + Level 3.1 Spellcasting
 * Level 1.6 Conjurations
 - Level 1.0 Summonings
 - Level 1.0 Translocations


You had 2 spell levels left.
You knew the following spells:

 Your Spells              Type           Power        Failure   Level  Hunger
a - Magic Dart            Conj           #...         7%          1    None
n - Blink                 Tloc           N/A          14%         2    ##.....
z - Call Imp              Summ           #.......     14%         2    ##.....

Your spell library contained the following spells:

 Spells                   Type           Power        Failure   Level  Hunger
 Slow                     Hex            #.......     22%         2    ##.....
 Conjure Flame            Conj/Fire      #.......     30%         3    ###....
 Mephitic Cloud           Conj/Pois/Air  #.......     32%         3    ###....


Dungeon Overview and Level Annotations

Branches:
Dungeon (1/15)

Altars:


Innate Abilities, Weirdness & Mutations

You cannot wear most types of armour.
You are very stealthy in the water. (Stealth+)
You are amphibious.
You can wear up to eight rings at the same time.
You can use your tentacles to constrict eight enemies at once.
Your skin changes colour to match your surroundings (Stealth+).
Your rubbery body absorbs attacks. (AC +1, EV +1)


Message History

The jackal misses you.
You tentacle-slap the jackal but do no damage.
You constrict the jackal. The jackal completely misses you.
The jackal bites you.
* * * LOW HITPOINT WARNING * * *
You tentacle-slap the jackal but do no damage.
You constrict the jackal. The jackal bites you.
* * * LOW HITPOINT WARNING * * *
You tentacle-slap the jackal but do no damage.
You constrict the jackal, but do no damage.
The jackal closely misses you. The jackal misses you.
You barely miss the jackal.
You constrict the jackal, but do no damage.
The jackal completely misses you.
You tentacle-slap the jackal.
You kill the jackal!
You tentacle-slap the jackal. You grab the jackal.
You constrict the jackal, but do no damage.
The jackal bites you.
You die...

#.........###...####.............
##.......## ##...................
#.......# #..รท......###..)###.
##.......## ##..##.##..# #...# #.
#.........###...##.##..###...###.
................##.##............
................##.##............
................##...............
.....<..........@h.#...###...###.
............(...#####..# #...# #.
................# #..###...###.
................# #............
#.........###...# #.......)....
##.......## ##..# ############.
#.......# #..# #. #.......# #.##
.. #......... ...


You could see a jackal.

Vanquished Creatures
  A goblin (D:1)
  4 hobgoblins (D:1)
  3 jackals (D:1)
  3 bats (D:1)
  A frilled lizard (D:1)
12 creatures vanquished.

Notes
Turn   | Place    | Note
-------+----------+-------------------------------------------
     0 | D:1      | Goreval the Octopode Wizard began the quest for the Orb.
     0 | D:1      | Reached XP level 1. HP: 11/11 MP: 4/4
   481 | D:1      | Reached XP level 2. HP: 17/17 MP: 4/6
   527 | D:1      | Learned a level 2 spell: Blink
   530 | D:1      | Learned a level 2 spell: Call Imp
   625 | D:1      | Slain by a jackal

Illustrated notes

Levels and vault maps discovered:
D:1:      minmay_arrival_four_circles, layout_loops_corners, kennysheep_boxes

Skill      XL: |  1  2 |
---------------+-------+-----
Stealth        | 3 |  3.1
Dodging        | |  2.2
Spellcasting   | |  3.1
Conjurations   | |  1.6
Summonings     | |  1.0
Translocations | |  1.0

Action                   || total
-------------------------++-------
Melee: Unarmed           ||    18
       Constrict         ||     5
       Tentacles         ||     1
 Cast: Magic Dart        ||    28
Dodge: Dodged            ||    15
